 Dungeon Crawl Stone Soup version 0.29.0-13-gc9e81de378 (webtiles) character file.

Game seed: 2572679439413814147

21 Strat the Slasher (level 2, -1/23 HPs)
             Began as a Barachi Warper on Sept 7, 2022.
             Frozen to death by an endoplasm (4 damage)
             ... on level 2 of the Dungeon.
             The game lasted 00:01:18 (1108 turns).

Strat the Slasher (Barachi Warper)                  Turns: 1108, Time: 00:01:19

Health: -1/23      AC:  3    Str: 12    XL:     2   Next: 83%
Magic:  14/14      EV: 11    Int: 13    God:
Gold:   82         SH:  0    Dex: 11    Spells: 3/5 levels left

rFire   . . .      SeeInvis .   a - +0 falchion
rCold   . . .      Faith    .   (no shield)
rNeg    . . .      Spirit   .   b - +0 leather armour
rPois   .          Reflect  .   (no helmet)
rElec   .          Harm     .   (no cloak)
rCorr   .          Rampage  .   (no gloves)
Will    .....                   (no boots)
Stlth   +.........              (no amulet)
HPRegen 0.07/turn               f - ring of magical power
MPRegen 0.14/turn               (no ring)

@: slow
A: amphibious, slowness 1, strong legs 1, +LOS
a: Hop


You were on level 2 of the Dungeon.
You visited 1 branch of the dungeon, and saw 2 of its levels.

You collected 82 gold pieces.

Inventory:

Hand Weapons
 a - a +0 falchion (weapon)
Missiles
 d - 7 boomerangs of dispersal (quivered)
Armour
 b - a +0 leather armour (worn)
 i - a +0 kite shield
Jewellery
 f - a ring of magical power (left hand)
Scrolls
 c - a scroll of blinking
 h - a scroll of brand weapon {unknown}
Potions
 e - a potion of attraction {unknown}
 g - a potion of haste {unknown}


   Skills:
 - Level 2.4 Fighting
 + Level 4.0 Long Blades
 - Level 1.0 Throwing
 - Level 1.2 Armour
 - Level 2.1 Dodging
 - Level 2.1 Spellcasting
 - Level 3.2 Translocations


You had 3 spell levels left.
You knew the following spells:

 Your Spells              Type           Power      Damage    Failure   Level
a - Blink                 Tloc           18%        N/A       12%         2

Your spell library contained the following spells:

 Spells                   Type           Power      Damage    Failure   Level
 Gell's Gravitas          Tloc           9%         N/A       24%         3
 Lesser Beckoning         Tloc           9%         N/A       24%         3
 Teleport Other           Tloc           9%         N/A       24%         3
 Manifold Assault         Tloc           9%         N/A       92%         5


Dungeon Overview and Level Annotations

Branches:
Dungeon (2/15)

Altars:


Innate Abilities, Weirdness & Mutations

You are amphibious.
You cover ground slowly.
You can hop short distances.
You have an extended range of vision and can be seen from far away.


Message History

The adder bites you.
You hit the adder but do no damage. The adder closely misses you.
The adder barely misses you.
You miss the adder. The adder barely misses you.
You closely miss the adder. The adder barely misses you.
The endoplasm freezes you.
You are frozen.
* * * LOW HITPOINT WARNING * * *
The adder bites you.
* * * LOW HITPOINT WARNING * * *
You slash the adder!
The adder is severely wounded.
The adder misses you. The endoplasm freezes you.
You are frozen.
* * * LOW HITPOINT WARNING * * *
You hit the adder.
The adder is severely wounded.
The adder closely misses you. The endoplasm freezes you.
You are frozen.
* * * LOW HITPOINT WARNING * * *
Unknown command.
You closely miss the adder.
The adder is severely wounded.
The adder bites you.
* * * LOW HITPOINT WARNING * * *
The endoplasm hits you.
* * * LOW HITPOINT WARNING * * *
The adder closely misses you.
You barely miss the adder.
The adder is severely wounded.
The adder bites you.
* * * LOW HITPOINT WARNING * * *
The endoplasm hits you but does no damage.
You slash the adder!
You kill the adder!
The endoplasm freezes you.
You are frozen.
You die...

##........#
#..........#
#..........# .#
#..........# ...#
#..........# .....
..........# ......
##........#
.......####........##..
......!.@......#......
.......J..........#
#..!..............###
#...................#
#.............†...#..:#
#############.<|..# ..#
###...# ##††.# #....#


You could see an endoplasm.

Vanquished Creatures
  An adder (D:2)
  A dart slug (D:2)
  4 ball pythons (D:1)
  An endoplasm (D:1)
  2 goblins (D:1)
  3 hobgoblins
  2 quokkas (D:1)
  A bat (D:1)
  3 rats
18 creatures vanquished.

Notes
Turn   | Place    | Note
-------+----------+-------------------------------------------
     0 | D:1      | Strat the Barachi Warper began the quest for the Orb.
     0 | D:1      | Reached XP level 1. HP: 17/17 MP: 3/3
   258 | D:1      | Reached skill level 3 in Long Blades
   353 | D:1      | Reached XP level 2. HP: 20/23 MP: 5/5
   396 | D:1      | Learned a level 2 spell: Blink
  1086 | D:2      | Reached skill level 4 in Long Blades
  1108 | D:2      | Frozen to death by an endoplasm

Illustrated notes

Levels and vault maps discovered:
D:1:      lemuel_arrival_lava_pool, layout_loops_cross, minmay_misc_feat_tower
D:2:      layout_rooms, basic_altar, serial_bayou_pond_e,
          kennysheep_generic_room_5, uniq_crazy_yiuf_cottage

Skill      XL: |  1  2 |
---------------+-------+-----
Long Blades    | 3 4 |  4.0
Fighting       | |  2.4
Throwing       | |  1.0
Armour         | |  1.2
Dodging        | |  2.1
Spellcasting   | |  2.1
Translocations | |  3.2

Action                   || total
-------------------------++-------
Melee: Falchion          ||    78
       Punch             ||     1
Armor: Leather armour    ||    29
Dodge: Dodged            ||    50
